 Dungeon Sprint DCSS version 0.30-a0-354-g6b83867211 (webtiles) character file.

Game seed: 6832783837404630677

15970 rocky1 the Imperceptible (level 12, -3/77 HPs)
             Began as a Kobold Enchanter on Nov 8, 2022.
             Was the Champion of Cheibriados.
             Shot with a sling bullet by a minotaur (4 damage)
             ... in the Dungeon (Sprint VII: "The Pits").
             The game lasted 00:15:20 (2124 turns).

rocky1 the Imperceptible (Kobold Enchanter)         Turns: 2124, Time: 00:15:20

Health: -3/77      AC: 12    Str: 21    XL:     12   Next: 64%
Magic:  19/27      EV: 31    Int: 31    God:    Cheibriados [******]
Gold:   21         SH:  0    Dex: 35    Spells: 23/34 levels left

rFire   . . .      SeeInvis .    a - +2 rapier (elec)
rCold   . . .      Faith    .    (no shield)
rNeg    . . .      Spirit   .    w - +5 ring mail
rPois   .          Reflect  .    (no helmet)
rElec   .          Harm     .    v - +0 cloak
rCorr   .          Rampage  .    u - +0 pair of gloves
Will    .....      NoTele   +    (no boots)
Stlth   ++++++++++               (no amulet)
HPRegen 0.32/turn                (no ring)
MPRegen 0.20/turn                (no ring)

@: spiked, on berserk cooldown, slowed, very slow
A: small, no large weapons, nightstalker 3
a: Renounce Religion, Bend Time, Temporal Distortion, Slouch, Step From Time


You were in the Dungeon.
You worshipped Cheibriados.
Cheibriados was exalted by your worship.
You visited 1 branch You collected 21 gold pieces.

Inventory:

Hand Weapons
 a - a +2 rapier of electrocution (weapon)
 b - a +2 scimitar of holy wrath
 j - a +2 dagger
 k - a +2 falchion
 n - a +1 long sword of holy wrath
 o - a +0 dagger of venom
 x - a +1 dagger
Missiles
 p - 9 poisoned darts (quivered)
Armour
 u - a +0 pair of gloves (worn)
 v - a +0 cloak (worn)
 w - a +5 ring mail (worn)
 y - a +0 robe
Jewellery
 q - a +3 ring of dexterity
 r - a +3 ring of intelligence
 F - the ring "Ytixytha" {Fly Stlth+}
   (You found it in the Dungeon)

   [ring of flight]

   Fly:       It grants you flight.
   Stlth:     It makes you more stealthy.
 G - a ring of poison resistance
 H - a ring of willpower
 K - a ring of protection from fire
Wands
 I - a wand of flame (10)
Scrolls
 i - 2 scrolls of blinking
 l - 5 scrolls of amnesia
 m - a scroll of summoning
 z - 2 scrolls of fear
 A - a scroll of butterflies
 B - 4 scrolls of enchant armour
 C - 2 scrolls of enchant weapon
 D - a scroll of identify
 E - a scroll of brand weapon
Potions
 d - 11 potions of curing
 e - 4 potions of heal wounds
 f - 2 potions of haste
 g - 4 potions of magic
 h - 4 potions of berserk rage
 s - 2 potions of mutation
 t - a potion of resistance
 J - 2 potions of ambrosia
 L - a potion of might


   Skills:
 + Level 9.8 Fighting
 + Level 14.2 Short Blades
 - Level 0.1 Armour
 + Level 13.5 Dodging
 + Level 22.1 Stealth
 + Level 11.6 Spellcasting
 - Level 6.0 Conjurations
 - Level 10.8 Hexes
 - Level 7.0 Ice Magic
 + Level 11.0 Invocations


You had 23 spell levels left.
You knew the following spells:

 Your Spells              Type           Power      Damage    Failure   Level
a - Ensorcelled Hibernat  Hex/Ice        100%       N/A       1%          2
b - Dazzling Flash        Conj/Hex       100%       N/A       1%          3
c - Confusing Touch       Hex            71%        N/A       1%          3
d - Tukima's Dance        Hex            71%        N/A       1%          3

Your spell library contained the following spells:

 Spells                   Type           Power      Damage    Failure   Level
 Shock                    Conj/Air       100%       1d9       1%          1
 Mephitic Cloud           Conj/Pois/Air  30%        N/A       6%          3
 Vhi's Electric Charge    Tloc/Air       34%        N/A       14%         3
 Conjure Ball Lightning   Conj/Air       18%        3x3d6     90%         6


Dungeon Overview and Level Annotations

Branches:
Dungeon (1/1)

Altars:
Ashenzari
Cheibriados
Dithmenos
Elyvilon
Fedhas
Gozag
Hepliaklqana
Kikubaaqudgha
Makhleb
Nemelex Xobeh
Okawaru
Qazlal
Ru
Sif Muna
Trog
Uskayaw
Vehumet
Wu Jian
Xom
Yredelemnul
Zin
The Shining One
Jiyva
Lugonu


Innate Abilities, Weirdness & Mutations

You are small and have problems with some larger weapons.
You are completely attuned to the shadows.


Message History

Your Invocations skill increases to level 11!
Unknown command.
You hit the swamp drake.
The swamp drake is lightly wounded.
You feel sick.
You are no longer poisoned.
The swamp drake completely misses you.
You hit the swamp drake.
The swamp drake is moderately wounded.
You puncture the swamp drake!
The swamp drake is heavily wounded.
The swamp drake misses you.
You hit the swamp drake.
Lightning courses through the swamp drake!
You kill the swamp drake!
Cheibriados thoroughly appreciates the change of pace.
Unknown command.
You start resting.
A minotaur comes into view.
It is wielding a +2 sling of flaming and quivering silver javelins.
The minotaur bellows!
You hear a shout!
A red devil comes into view. It is wielding a +0 trident.
The minotaur shoots a sling bullet.
The sling bullet hits you!! The sling bullet burns you.
The red devil completely misses you.
The minotaur shoots a sling bullet.
The sling bullet barely misses you.
The minotaur shoots a sling bullet.
The sling bullet hits you!!
* * * LOW HITPOINT WARNING * * *
The sling bullet burns you!
* * * LOW HITPOINT WARNING * * *
An orc sorcerer comes into view. It is wielding a +0 spear of venom.
The red devil completely misses you.
You hear a shout!
You see here a hornet corpse.
You feel much better.
The red devil hits you from afar with a +0 trident!
* * * LOW HITPOINT WARNING * * *
Barbed spikes become lodged in your body.
The minotaur shoots a sling bullet.
The sling bullet hits you!
* * * LOW HITPOINT WARNING * * *
The sling bullet burns you.
You die...

####################
...............)†..+
................@..+
.################)H#
.# #m#4.# .# #'..#
.# #y#..# .# #.##.)#
.# #.# #).#
.############# #..#
.............. ....#


You could see a minotaur and a red devil.

Vanquished Creatures
  A frost giant (D)
  An emperor scorpion (D)
  A balrug (D)
  A boulder beetle (D)
  A merfolk aquamancer (D)
  A death yak (D)
  A spriggan (D)
  A sea snake (D)
  A bog body (D)
  A wizard (D)
  A deep elf pyromancer (D)
  A deep elf zephyrmancer (D)
  2 orc sorcerers (D)
  An elephant (D)
  A cyclops (D)
  A smoke demon (D)
  2 molten gargoyles (D)
  A cane toad (D)
  2 kobold demonologists (D)
  2 ice devils (D)
  A troll (D)
  2 hornets (D)
  A polar bear (D)
  2 tyrant leeches (D)
  2 vampires (D)
  A wyvern (D)
  4 water elementals (D)
  3 yaks (D)
  A fire bat (D)
  2 redbacks (D)
  3 vampire mosquitoes (D)
  An acid dragon (D)
  2 floating eyes (D)
  A large abomination (D)
  An orc warrior (D)
  A swamp drake (D)
  A centaur (D)
  7 wolves (D)
  2 kobold brigands (D)
  A gnoll sergeant (D)
  A scorpion (D)
  3 wights (D)
  A jelly (D)
  A quasit (D)
  An iron imp (D)
  A mummy (D)
  4 gnolls (D)
  2 adders (D)
  3 ufetubi (D)
  2 orcs (D)
  3 bat skeletons (D)
  2 goblins (D)
  2 hobgoblins (D)
  4 kobolds (D)
  A quokka (D)
  A ball python skeleton (D)
  4 bats (D)
  A frilled lizard (D)
  A jackal skeleton (D)
101 creatures vanquished.

Notes
Turn   | Place    | Note
-------+----------+-------------------------------------------
     0 | D        | rocky1 the Kobold Enchanter began the quest for the Orb.
     0 | D        | Reached XP level 1. HP: 10/10 MP: 3/3
    47 | D        | Found a bloodstained altar of Trog.
    47 | D        | Found a shimmering blue altar of Sif Muna.
    47 | D        | Found a viscous altar of Jiyva.
    47 | D        | Found a hazy altar of Hepliaklqana.
    47 | D        | Found an opulent altar of Gozag.
    48 | D        | Found a glowing golden altar of the Shining One.
    48 | D        | Found a glowing silver altar of Zin.
    48 | D        | Found a sacrificial altar of Ru.
    48 | D        | Found a stormy altar of Qazlal.
    48 | D        | Found a blossoming altar of Fedhas.
    51 | D        | Found an iron altar of Okawaru.
    51 | D        | Found a basalt altar of Yredelemnul.
    51 | D        | Found a white marble altar of Elyvilon.
    52 | D        | Found a sparkling altar of Nemelex Xobeh.
    52 | D        | Found a shimmering altar of Xom.
    52 | D        | Found a shadowy altar of Dithmenos.
    53 | D        | Found a burning altar of Makhleb.
    53 | D        | Found an ornate altar of the Wu Jian Council.
    53 | D        | Found a snail-covered altar of Cheibriados.
    54 | D        | Found a corrupted altar of Lugonu.
    54 | D        | Found a radiant altar of Vehumet.
    55 | D        | Found an ancient bone altar of Kikubaaqudgha.
    55 | D        | Found a hide-covered altar of Uskayaw.
    55 | D        | Found a broken altar of Ashenzari.
    59 | D        | Became a worshipper of Cheibriados the Contemplative
    78 | D        | Reached skill level 5 in Stealth
    79 | D        | Reached * piety under Cheibriados
   182 | D        | Noticed a floating eye
   185 | D        | Killed a floating eye
   186 | D        | Reached skill level 9 in Stealth
   186 | D        | Reached skill level 5 in Hexes
   186 | D        | Reached XP level 2. HP: 16/16 MP: 3/6
   186 | D        | Reached XP level 3. HP: 20/20 MP: 4/8
   186 | D        | Reached XP level 4. HP: 24/24 MP: 4/9
   186 | D        | Reached XP level 5. HP: 28/28 MP: 4/10
   189 | D        | Learned a level 2 spell: Ensorcelled Hibernation
   193 | D        | Learned a level 3 spell: Dazzling Flash
   197 | D        | Learned a level 3 spell: Confusing Touch
   201 | D        | Learned a level 3 spell: Tukima's Dance
   241 | D        | Reached ** piety under Cheibriados
   242 | D        | Reached skill level 1 in Fighting
   242 | D        | Reached skill level 10 in Stealth
   250 | D        | Reached *** piety under Cheibriados
   405 | D        | Noticed a kobold brigand
   450 | D        | Reached **** piety under Cheibriados
   451 | D        | Reached skill level 5 in Dodging
   451 | D        | Reached skill level 11 in Stealth
   451 | D        | Reached XP level 6. HP: 30/34 MP: 6/12
   457 | D        | Reached skill level 12 in Stealth
   463 | D        | Reached skill level 5 in Spellcasting
   540 | D        | Reached ***** piety under Cheibriados
   646 | D        | Noticed a redback
   648 | D        | Killed a redback
   649 | D        | Reached skill level 13 in Stealth
   649 | D        | Reached skill level 1 in Ice Magic
   649 | D        | Reached XP level 7. HP: 40/40 MP: 14/14
   656 | D        | Reached ****** piety under Cheibriados
   692 | D        | Noticed a sea snake
   697 | D        | Killed a sea snake
   698 | D        | Reached skill level 5 in Short Blades
   698 | D        | Reached skill level 16 in Stealth
   698 | D        | Reached skill level 5 in Invocations
   698 | D        | Reached XP level 8. HP: 46/46 MP: 16/16
   932 | D        | Noticed a polar bear
   938 | D        | Reached skill level 17 in Stealth
   941 | D        | Killed a polar bear
   942 | D        | Reached XP level 9. HP: 51/51 MP: 18/18
   948 | D        | Reached skill level 18 in Stealth
   971 | D        | Noticed a molten gargoyle
   986 | D        | Reached skill level 1 in Conjurations
  1177 | D        | Noticed a bog body
  1183 | D        | Killed a bog body
  1278 | D        | Noticed a deep elf pyromancer
  1280 | D        | Noticed an orc sorcerer
  1291 | D        | Reached XP level 10. HP: 55/56 MP: 17/20
  1291 | D        | Noticed a sixfirhy
  1296 | D        | Killed an orc sorcerer
  1297 | D        | Reached skill level 5 in Ice Magic
  1300 | D        | Reached skill level 19 in Stealth
  1301 | D        | Paralysed by a floating eye for 4 turns
  1312 | D        | Killed a deep elf pyromancer
  1313 | D        | Reached skill level 10 in Hexes
  1390 | D        | Killed a molten gargoyle
  1604 | D        | Reached skill level 5 in Conjurations
  1612 | D        | Noticed a molten gargoyle
  1621 | D        | Killed a molten gargoyle
  1622 | D        | Reached skill level 10 in Short Blades
  1682 | D        | Noticed an elephant
  1686 | D        | Killed an elephant
  1687 | D        | Reached XP level 11. HP: 62/62 MP: 23/23
  1702 | D        | Reached skill level 10 in Dodging
  1712 | D        | Noticed a death yak
  1716 | D        | Killed a death yak
  1717 | D        | Reached skill level 5 in Fighting
  1734 | D        | Noticed a deep elf zephyrmancer
  1736 | D        | Noticed a boulder beetle
  1737 | D        | Reached skill level 20 in Stealth
  1737 | D        | Killed a deep elf zephyrmancer
  1737 | D        | Noticed an orc sorcerer
  1741 | D        | Noticed a cyclops
  1746 | D        | Killed a boulder beetle
  1750 | D        | Killed an orc sorcerer
  1751 | D        | Reached skill level 10 in Spellcasting
  1757 | D        | Killed a cyclops
  1812 | D        | Got the ring "Ytixytha" {Fly Stlth+}
  1816 | D        | Got Sif Muna's Meditations on the Sky
  1990 | D        | Noticed a spriggan rider
  1992 | D        | Killed a spriggan rider
  1993 | D        | Reached skill level 21 in Stealth
  1999 | D        | Reached XP level 12. HP: 50/73 MP: 26/26
  2015 | D        | Noticed a balrug
  2024 | D        | Killed a balrug
  2024 | D        | Noticed an emperor scorpion
  2025 | D        | Reached skill level 10 in Invocations
  2030 | D        | Killed an emperor scorpion
  2053 | D        | Identified the amulet "Zeesk" {Reflect rElec SH+5}
  2053 | D        | Noticed a merfolk aquamancer
  2053 | D        | Noticed a frost giant
  2073 | D        | Killed a frost giant
  2086 | D        | Killed a merfolk aquamancer
  2087 | D        | Reached skill level 22 in Stealth
  2122 | D        | Noticed a minotaur
  2124 | D        | HP: 1/77 [minotaur/sling bullet (9)]
  2124 | D        | Shot with a sling bullet by a minotaur

Illustrated notes

Levels and vault maps discovered:
D:        pitsprint [storerooms_1, entrance_room_1, metal_vault_3, armoury_2,
          mini_pit_1, grid_room_1, main_hall_1, silver_pit, the_coven_1,
          the_vestibule_1, steel_vault_2, golden_pit, hallway_of_sentries,
          crystal_vault_5, iron_vault_3, final_vault]

Skill      XL: |  1  2  3  4  5  6  7  8  9 10 11 12 |
---------------+-------------------------------------+-----
Stealth        | 9 11 13 16 17 18 19 21 22 | 22.1
Short Blades   | 2 3 4 5 6 8 10 12 14 | 14.2
Dodging        | 4 5 6 8 9 12 13 | 13.5
Spellcasting   | 3 4 5 6 7 8 10 11 | 11.6
Hexes          | 5 7 8 9 10 | 10.8
Fighting       | 1 2 3 4 8 9 |  9.8
Ice Magic      | 1 2 4 6 7 |  7.0
Invocations    | 2 5 6 7 9 11 | 11.0
Conjurations   | 3 5 6 |  6.0
Armour         | |  0.1

Action                   |  1- 3 |  4- 6 |  7- 9 | 10-12 || total
-------------------------+-------+-------+-------+-------++-------
Melee: Dagger            |    12 |    34 |    10 |       ||    56
       Punch             |       |     2 |       |     1 ||     3
       Rapier            |       |       |    22 |   102 ||   124
       Scimitar          |       |       |    15 |    26 ||    41
 Cast: Ensorcelled Hiber |       |     5 |     3 |     4 ||    12
       Dazzling Flash    |       |     1 |       |       ||     1
       Confusing Touch   |       |       |     1 |     4 ||     5
       Tukima's Dance    |       |       |       |     2 ||     2
Invok: Slouch            |       |       |       |     8 ||     8
  Use: Potion            |       |     2 |     3 |    15 ||    20
 Stab: Sleeping          |     4 |     8 |    18 |     7 ||    37
       Invisible         |       |     1 |       |    11 ||    12
       Confused          |       |       |     1 |     4 ||     5
       Distracted        |       |       |       |     4 ||     4
Armor: Robe              |       |     6 |       |       ||     6
       Ring mail         |       |       |     4 |    26 ||    30
Dodge: Dodged            |     2 |    30 |    44 |   170 ||   246

Table legend: (Time is in decaauts)
 A = Elapsed time spent in this place.
 B = Non-inter-level travel time spent in this place.
 C = Inter-level travel time spent in this place.
 D = Time resting spent in this place.
 E = Time spent auto-exploring this place.
 F = Levels seen in this place.
 G = Mean time per level.
                   A        B        C        D        E       F      G
               +--------+--------+--------+--------+--------+-----+--------+
         Total |   2652 |   2469 |    183 |   1123 |      0 |   1 | 2652.0 |
       Dungeon |   2652 |   2469 |    183 |   1123 |      0 |   1 | 2652.0 |
               +--------+--------+--------+--------+--------+-----+--------+

Top non-repeatable levels by time:
       D: 2652 daAuts
